Map: Torches LE

Players

Creator - Winner!

  • Race: Protoss Protoss
  • Spawn Location: 5:00

Percival

  • Race: Terran Terran
  • Spawn Location: 1:00

VOD

Have the link to the VOD?

Description

Time

  • Played on: Aug. 24, 2025, 5:49 a.m.
  • Length: 21:20
Show
View Real Time Build Order
Export as new Build Order

Creator Protoss - Winner!

Build Orders: 1 Gate Expand, Blink Stalkers 

Get SALT Encoding   

  12  0:00  Probe  
  13  0:12  Probe  
  14  0:18  Pylon  
  14  0:24  Probe  
  15  0:32  Probe  
  15  0:37  Gateway  
  15  0:40  Probe  
  16  0:46  Assimilator  
  17  0:51  Probe  
  18  1:03  Probe  
  19  1:15  Probe  
  20  1:24  Cybernetics Core  
  20  1:34  Nexus  
  20  1:41  Pylon  
  20  1:42  Probe  
  21  1:50  Adept, Assimilator  
  21  1:55  Probe  
  21  2:00  Warp Gate  
  24  2:07  Probe  
  25  2:10  Adept  
  25  2:19  Probe  
  28  2:27  Twilight Council  
  28  2:31  Probe  
  28  2:37  Stalker  
  31  2:46  Probe  
  31  2:47  Probe  
  33  2:55  Probe  
  33  2:58  Probe  
  34  3:00  Blink  
  35  3:10  Probe  
  35  3:12  Probe  
  36  3:15  Stalker  
  37  3:22  Probe  
  37  3:26  Gateway  
  36  3:28  Gateway  
  36  3:30  Probe  
  37  3:34  Probe  
  37  3:38  Robotics Facility  
  38  3:45  Probe  
  38  3:47  Probe  
  40  3:52  Pylon  
  40  3:54  Stalker  
  42  3:57  Probe  
  42  3:59  Probe  
  44  4:03  Pylon  
  44  4:09  Probe  
  45  4:11  Probe  
  46  4:17  Stalker  
  46  4:22  Nexus  
  48  4:26  Observer  
  46  4:32  Stalker  
  46  4:34  Probe x2  
  49  4:42  Probe x2  
  49  4:49  Warp Prism  
  53  4:53  Assimilator  
  53  4:55  Probe  
  53  4:56  Probe  
  55  5:04  Stalker x2  
  59  5:08  Observer  
  59  5:09  Probe, Pylon  
  59  5:10  Probe  
  59  5:13  Pylon  
  61  5:24  Robotics Bay, Probe  
  61  5:26  Probe  
  63  5:31  Probe, Pylon  
  63  5:32  Probe  
  63  5:34  Probe, Charge  
  64  5:41  Probe  
  64  5:42  Probe x2  
  66  5:44  Stalker  
  66  5:45  Stalker  
  73  5:50  Assimilator  
  73  5:55  Stalker  
  72  6:01  Probe x3  
  74  6:11  Colossus  
  74  6:12  Stalker  
  74  6:17  Gateway  
  76  6:18  Gateway  
  76  6:20  Gateway  
  82  6:34  Probe x3  
  82  6:36  Shield Battery  
  85  6:45  Sentry, Zealot x2  
  91  6:49  Probe x2  
  91  6:50  Probe  
  91  6:51  Pylon  
  91  6:53  Forge  
  93  7:03  Probe x3  
  95  7:13  Gateway, Observer  
  95  7:14  Gateway  
  96  7:18  Protoss Ground Weapons Level 1  
  96  7:19  Sentry, Zealot  
  96  7:21  Zealot x4  
  108  7:29  Probe, Pylon  
  109  7:30  Colossus  
  109  7:40  Shield Battery  
  109  7:41  Observer  
  109  7:44  Observer  
  109  7:48  Pylon  
  109  7:49  Extended Thermal Lance  
  109  7:50  Zealot  
  117  7:54  Nexus  
  117  7:57  Pylon  
  117  8:06  Probe x2  
  117  8:07  Zealot x2, Probe, Pylon  
  122  8:17  Probe x2  
  115  8:20  Probe  
  115  8:26  Probe x2  
  123  8:32  Zealot x2, Probe  
  130  8:35  Forge  
  130  8:39  Colossus, Stalker x2  
  134  8:48  Probe x3  
  134  8:52  Zealot x2  
  134  8:54  Protoss Ground Weapons Level 2  
  140  8:57  Pylon  
  126  9:02  Zealot x2  
  126  9:03  Zealot x2  
  105  9:22  Colossus  
  105  9:25  Stalker x2, Protoss Ground Armor Level 1  
  105  9:26  Stalker  
  105  9:29  Probe x4  
  115  9:35  Pylon  
  115  9:36  Sentry  
  115  9:37  Zealot  
  125  9:43  Probe x4  
  127  9:56  Zealot x3  
  127  9:57  Photon Cannon, Shield Battery  
  133  10:01  Gateway  
  133  10:02  Gateway  
  133  10:07  Templar Archives  
  133  10:09  Photon Cannon  
  133  10:12  Immortal  
  133  10:14  Zealot x3  
  139  10:19  Observer  
  139  10:25  Pylon  
  139  10:27  Zealot x2  
  147  10:30  Zealot x2, Sentry  
  153  10:41  Stalker  
  155  10:43  Pylon  
  155  10:45  High Templar x2, Pylon  
  155  10:48  Stalker  
  155  10:49  Stalker  
  163  10:53  Nexus  
  155  11:04  Zealot x5  
  155  11:05  Zealot  
  155  11:07  Probe x3  
  155  11:08  Probe  
  155  11:09  Pylon  
  171  11:15  High Templar x2  
  171  11:17  Psionic Storm, Pylon  
  175  11:19  Archon, Pylon  
  175  11:23  Assimilator  
  174  11:27  Assimilator  
  173  11:36  Stalker  
  175  11:40  Zealot x7  
  189  11:48  Protoss Ground Weapons Level 3  
  189  11:49  Protoss Ground Armor Level 2  
  189  11:52  Colossus  
  181  12:07  Zealot x5  
  181  12:08  Zealot x4  
  169  12:40  Warp Prism  
  169  12:41  Archon  
  169  12:43  Zealot x4  
  169  12:44  Zealot x5  
  113  13:00  Robotics Facility  
  113  13:02  Observer  
  113  13:05  Zealot x9  
  125  13:10  Colossus  
  131  13:24  Nexus  
  125  13:30  High Templar x4  
  125  13:33  Zealot x4  
  126  13:36  Archon  
  126  13:38  Archon, Colossus  
  122  13:45  Observer  
  108  13:53  Protoss Ground Armor Level 3  
  98  13:57  High Templar x2, Pylon  
  98  13:58  Sentry, Zealot x2  
  98  14:01  Colossus  
  98  14:02  Gateway x2  
  108  14:07  Zealot, High Templar  
  108  14:09  Zealot x2  
  122  14:15  Gateway  
  122  14:17  Probe x2  
  122  14:18  Probe x3  
  127  14:25  Colossus  
  126  14:33  Observer  
  132  14:39  Zealot x2  
  133  14:47  Zealot, Stalker x2  
  139  14:54  Protoss Shields Level 1  
  139  14:55  Observer  
  139  14:56  Photon Cannon  
  139  14:57  Shield Battery  
  139  14:59  Zealot x3, Stalker  
  148  15:01  Zealot x3, High Templar  
  148  15:04  Immortal  
  148  15:05  Probe  
  158  15:07  Probe  
  162  15:23  Warp Prism  
  162  15:26  High Templar  
  164  15:42  Warp Prism  
  154  15:44  Stalker x3  
  154  15:49  Zealot x6  
  170  15:53  Stalker x2  
  174  16:02  Colossus  
  174  16:08  High Templar x2  
  174  16:09  Nexus  
  178  16:16  Archon  
  184  16:18  Stalker x3  
  184  16:24  Pylon  
  188  16:32  Archon, Warp Prism  
  177  16:35  Stalker x4  
  177  16:36  Zealot x2  
  153  16:41  Colossus  
  153  16:42  Zealot x4  
  153  16:43  Zealot x2  
  121  16:55  Colossus  
  127  17:11  Zealot x4  
  127  17:12  Zealot x3  
  147  17:24  Zealot, Stalker x2  
  147  17:25  Zealot  
  155  17:30  Stalker  
  141  17:52  Warp Prism  
  141  17:56  Archon  
  141  17:57  Zealot x4  
  141  17:58  Zealot x6  
  159  18:01  High Templar x2  
  163  18:08  Archon  
  163  18:12  Observer  
  161  18:14  Gateway  
  161  18:18  Zealot x2, Stalker x4  
  161  18:19  Zealot x3, Disruptor, Shield Battery  
  180  18:24  Stalker  
  180  18:25  Pylon  
  160  18:38  Zealot x3  
  150  18:45  Stalker x4  
  150  18:46  Stalker  
  154  18:50  Stalker  
  154  18:51  Zealot x3  
  144  19:05  Stalker x3  
  144  19:08  Warp Prism  
  137  19:14  Zealot x2  
  137  19:15  Colossus  
  141  19:22  Zealot x8  
  141  19:23  Zealot  
  139  19:39  Nexus  
  139  19:44  Colossus  
  145  19:48  Zealot x7  
  155  20:02  Stalker x5  
  155  20:05  Zealot  
  167  20:08  Stalker x2  
  167  20:12  Stalker x2  
  175  20:14  Zealot x2  
  179  20:22  Stalker  
  179  20:26  Zealot x2  
  179  20:27  Zealot x3  
  191  20:29  Zealot  
  169  20:44  Zealot x7  
  155  20:59  Zealot x6  
  165  21:12  Zealot, Stalker  
  165  21:13  Zealot x5  
Show
View Real Time Build Order
Export as new Build Order

Percival Terran 

Build Orders:  

Get SALT Encoding   

  12  0:00  SCV  
  13  0:12  SCV  
  14  0:16  Supply Depot  
  14  0:24  SCV  
  15  0:38  SCV, Barracks  
  16  0:43  Refinery  
  16  0:50  SCV  
  17  1:02  SCV  
  18  1:14  SCV  
  19  1:26  Orbital Command  
  19  1:41  Command Center  
  19  1:42  Marine  
  20  1:52  SCV  
  21  1:56  Factory  
  21  2:02  Barracks Reactor  
  21  2:04  SCV  
  22  2:08  Supply Depot  
  22  2:16  SCV  
  22  2:17  Bunker  
  23  2:23  Refinery  
  23  2:30  SCV  
  24  2:42  SCV, Starport  
  25  2:48  Hellion x2  
  28  2:54  SCV  
  28  3:06  SCV  
  28  3:12  Widow Mine x2  
  33  3:17  Orbital Command  
  30  3:21  Medivac  
  30  3:23  SCV  
  33  3:27  Barracks Tech Lab  
  33  3:33  Widow Mine x2  
  37  3:35  SCV  
  38  3:42  Supply Depot  
  38  3:43  SCV  
  38  3:47  SCV  
  40  3:55  SCV  
  40  3:59  SCV  
  40  4:01  Liberator  
  40  4:02  Marine x2  
  46  4:07  SCV  
  47  4:15  Siege Tank  
  50  4:17  Supply Depot  
  50  4:22  SCV x2  
  50  4:34  SCV x2  
  50  4:37  Marine x2  
  52  4:40  Refinery  
  50  4:46  SCV x2  
  50  4:47  Siege Tank  
  50  4:51  Engineering Bay  
  55  4:54  Marine x2  
  55  4:57  Starport Tech Lab  
  55  4:58  SCV x2  
  59  5:01  Barracks  
  59  5:06  Supply Depot  
  59  5:08  Supply Depot  
  59  5:10  SCV x2  
  59  5:13  Marine  
  62  5:20  Supply Depot  
  62  5:27  Barracks  
  62  5:28  Raven, SCV x2, Marine  
  67  5:32  Terran Infantry Weapons Level 1  
  67  5:38  Refinery  
  67  5:40  SCV x2, Factory Reactor  
  69  5:46  Supply Depot  
  69  5:47  Marine x2  
  71  5:52  SCV x2  
  73  6:04  SCV x2, Stimpack, Marauder  
  73  6:05  Marine x2  
  79  6:14  Supply Depot  
  79  6:16  SCV x2, Supply Depot  
  79  6:17  Starport Reactor  
  81  6:26  Command Center, Marine x2  
  81  6:27  Marauder  
  81  6:31  Combat Shield  
  87  6:33  Marauder  
  86  6:45  Marine x2  
  86  6:48  Marauder  
  90  6:54  Marauder  
  90  6:55  Barracks  
  90  6:57  Medivac, Barracks  
  90  6:58  Medivac, Widow Mine x2  
  98  7:03  Marine x2  
  97  7:10  Marauder  
  97  7:12  Supply Depot  
  97  7:14  Supply Depot  
  99  7:18  Marauder  
  99  7:21  Marine x2  
  103  7:25  Widow Mine x2  
  103  7:28  SCV x2  
  109  7:31  Terran Infantry Armor Level 1  
  109  7:34  Marauder  
  109  7:36  Medivac x2  
  115  7:40  Orbital Command  
  115  7:42  SCV  
  115  7:43  SCV  
  117  7:46  Marine x2  
  117  7:47  Barracks Tech Lab, Barracks Reactor  
  117  7:49  Marauder  
  121  7:54  Concussive Shells  
  121  7:55  Marauder  
  123  7:59  SCV x2  
  123  8:00  Ghost Academy  
  125  8:10  Marine x2  
  125  8:11  Marauder x2  
  131  8:13  SCV  
  131  8:15  SCV  
  131  8:17  Marauder  
  133  8:20  Widow Mine x2  
  133  8:23  Viking x2  
  133  8:24  Marine x2  
  133  8:26  Orbital Command  
  139  8:29  Marine x2  
  141  8:36  Supply Depot  
  141  8:38  Supply Depot  
  141  8:48  SCV  
  141  8:58  Marauder x3, Marine x2  
  141  8:59  SCV, Marine x2  
  141  9:00  SCV, Widow Mine x2  
  141  9:01  SCV  
  121  9:11  SCV  
  121  9:12  SCV  
  121  9:15  Marine x2  
  114  9:18  Marine  
  114  9:19  Medivac, Marine  
  114  9:20  Marauder x3, Medivac  
  114  9:22  Widow Mine  
  114  9:23  SCV  
  127  9:26  SCV  
  127  9:30  Refinery  
  129  9:32  Refinery  
  129  9:35  Armory  
  129  9:36  Engineering Bay  
  128  9:40  Widow Mine  
  128  9:41  Marauder  
  128  9:43  Widow Mine  
  128  9:44  Marine x2  
  128  9:45  Marauder x2, Marine x2  
  142  9:52  Viking x2  
  144  10:04  Command Center, Widow Mine x2  
  148  10:09  Ghost x2  
  148  10:12  Ghost  
  157  10:23  Supply Depot x2  
  157  10:24  Supply Depot  
  157  10:30  Terran Infantry Armor Level 2  
  157  10:31  Terran Infantry Weapons Level 2  
  157  10:33  Terran Ship Weapons Level 1  
  157  10:39  Missile Turret  
  157  10:40  Supply Depot  
  157  10:45  Marauder x3, Viking x2  
  160  10:59  Barracks  
  160  11:02  Barracks x2  
  158  11:07  SCV x3  
  161  11:15  Marauder x3, Marine x3  
  161  11:16  Missile Turret, Marine  
  161  11:17  Missile Turret  
  170  11:18  Viking x2  
  174  11:39  Marauder x2  
  180  11:40  Marauder, Marine x3  
  180  11:42  Planetary Fortress  
  180  11:44  Missile Turret  
  180  11:46  Sensor Tower  
  181  11:58  Command Center  
  181  11:59  Marine  
  181  12:00  Marine x2  
  181  12:01  Marauder x3  
  180  12:04  Barracks Tech Lab x2  
  180  12:07  Barracks Reactor  
  176  12:11  Refinery  
  176  12:12  Refinery  
  176  12:14  Medivac x2  
  180  12:21  Ghost  
  183  12:24  Personal Cloaking  
  179  12:31  Marine  
  179  12:32  Marauder, Marine  
  179  12:33  Marauder, Marine  
  179  12:35  Marine  
  180  12:38  Marine  
  180  12:39  Marauder  
  144  12:47  Marine  
  144  12:49  Marine  
  144  12:51  Marauder, Marine  
  127  12:53  Marauder  
  127  12:54  Marauder, Widow Mine x2  
  127  12:55  Viking x2  
  127  12:56  Marine  
  127  12:57  Marauder  
  127  12:59  Marine x2  
  127  13:00  Marauder  
  131  13:12  Terran Infantry Armor Level 3, Terran Infantry Weapons Level 3  
  127  13:13  Terran Ship Weapons Level 2  
  127  13:16  Ghost  
  127  13:19  Ghost  
  128  13:21  Marine  
  128  13:22  Marine  
  128  13:23  Marine x2  
  135  13:30  Marine x2  
  135  13:31  Marauder  
  136  13:34  Marine  
  136  13:35  Marauder  
  136  13:38  Viking  
  136  13:39  Viking  
  140  13:41  SCV  
  140  13:42  SCV  
  140  13:44  SCV  
  140  13:46  SCV x2  
  129  13:48  Marine  
  129  13:49  Marine  
  129  13:51  Ghost  
  129  13:52  Marine  
  132  13:59  Marauder x2  
  136  14:07  Marauder x2  
  136  14:08  Medivac  
  136  14:09  Medivac  
  144  14:13  Marine x5  
  149  14:22  Planetary Fortress, Fusion Core  
  149  14:23  Starport  
  149  14:24  SCV x4  
  153  14:34  Marauder x2, Marine x2  
  153  14:36  Marine x2  
  153  14:37  Ghost  
  161  14:39  Marauder  
  161  14:41  Marauder  
  165  14:48  Missile Turret  
  165  14:50  Missile Turret, Marine  
  165  14:51  Marine  
  165  14:52  Marine  
  168  14:56  Marauder x2  
  168  14:58  Nuke  
  172  15:03  Starport Reactor  
  172  15:04  Viking x2  
  172  15:05  Caduceus Reactor  
  176  15:09  Marauder x3  
  176  15:12  Refinery  
  176  15:14  Sensor Tower  
  182  15:17  Marauder  
  184  15:26  Marine x3  
  184  15:27  Marauder  
  189  15:30  Marauder x2  
  184  15:36  Marine  
  184  15:37  Marauder  
  184  15:40  Marauder, Marine x2  
  179  15:44  Marine x2  
  179  15:45  Medivac x2, Viking x2  
  179  15:47  Marine  
  179  15:48  Marauder  
  186  15:52  Marauder x2  
  186  15:54  Marine  
  188  16:00  Command Center  
  188  16:09  Missile Turret  
  188  16:10  Ghost x2  
  194  16:11  Marine x2  
  194  16:12  Marauder, Marine x2  
  198  16:19  Advanced Ballistics  
  185  16:34  Ghost x2, Marine x4  
  185  16:35  Marauder, Marine  
  185  16:37  Marine  
  185  16:39  Marauder, Ghost  
  184  16:44  Widow Mine  
  176  16:52  Marine x5  
  159  16:54  Marine  
  159  16:56  Marauder, Liberator x2  
  159  17:01  Marauder  
  170  17:03  Marauder, Liberator x2  
  176  17:15  Refinery  
  175  17:19  Command Center  
  175  17:25  Neosteel Armor  
  175  17:27  Hi-Sec Auto Tracking  
  175  17:40  Widow Mine  
  175  17:42  Widow Mine  
  175  17:43  Liberator x2  
  165  17:52  Marauder, Marine  
  165  17:53  Marine  
  165  17:54  Marauder  
  169  18:03  Ghost x2  
  169  18:04  Marauder  
  177  18:05  Planetary Fortress  
  171  18:19  Medivac x2  
  175  18:22  Marauder, Ghost, Sensor Tower  
  175  18:24  Marine x6  
  186  18:30  Missile Turret  
  161  18:38  Marine x2  
  161  18:39  Marauder  
  141  18:41  Marine  
  141  18:44  Marauder, Marine  
  141  18:46  Marine  
  141  18:47  Marine x2  
  136  18:51  Marauder  
  136  18:53  Marine  
  135  18:56  Marauder x2  
  135  18:57  Viking  
  135  18:59  Marine  
  135  19:00  Marauder  
  135  19:02  Liberator x2  
  139  19:05  Liberator  
  139  19:07  Marine  
  126  19:12  Marauder, Marine x2  
  126  19:16  Marine  
  126  19:17  Marauder, Marine  
  128  19:18  Marine  
  118  19:26  Marauder  
  118  19:27  Marine  
  118  19:28  Marauder  
  109  19:32  Marine  
  109  19:33  Marauder  
  109  19:34  Marine x2  
  109  19:38  Marauder  
  114  19:44  Viking  
  114  19:48  Widow Mine x2  
  99  20:02  Viking x3  
  99  20:03  Ghost  
  99  20:04  Marauder x2  
  114  20:07  Marauder  
  114  20:12  Marauder  
  114  20:13  Marine x3  
  114  20:14  Marine  
  120  20:19  Liberator  
  123  20:24  Marine x2  
  123  20:25  Marauder  
  123  20:26  Ghost  
  132  20:28  Marauder  
  132  20:30  Planetary Fortress  
  130  20:36  Marauder, Marine  
  130  20:39  Marauder, Marine x2  
  116  20:51  Marauder, Marine x2  
Tags
 
Add a new tag
Caveats
  • Supply blocks, unpowered buildings, or Contaminate may cause inaccurate times.
  • Supply counts are checked every 10 seconds.